Workbook

Sheet ANALISIS DESVIACIONS
A1: Org. | B1: Capitol | C1: Econ. | D1: Descripció | E1: Previsions inicials | F1: Modificacions | G1: Previsions definitives | H1: Drets reconeguts | I1: Drets anul.lats | J1: Drets cancel.lats | K1: Drets reconeguts nets | L1: Recaptació neta | M1: Drets pendents de cobrament | N1: Excés / defecte previsió | O1: DESV. PI VS DRN | P1: DESV.DR VS DRN
A2: 0 | B2: 1 | C2: 1120001 | D2: IBI Rústica | E2: 250000 | F2: 0 | G2: 250000 | H2: 248681.29 | I2: 587.74 | J2: 0 | K2: 248093.55 | L2: 208614.59 | M2: 39478.96 | N2: -1906.45 | O2: =(K2*100%)/E2 -> 0.9923742 | P2: =(K2*100%)/G2 -> 0.9923742 | S2: =K2-G2 -> -1906.45
A3: 0 | B3: 1 | C3: 1130001 | D3: IBI Urbana | E3: 5400000 | F3: 0 | G3: 5400000 | H3: 5423437.8 | I3: 35757.05 | J3: 6411.79 | K3: 5381269 | L3: 4943571.8 | M3: 437697.21 | N3: -18731.02 | O3: =(K3*100%)/E3 -> 0.99653129 | P3: =(K3*100%)/G3 -> 0.99653129 | S3: =K3-G3 -> -18731.02
A4: 0 | B4: 1 | C4: 1140001 | D4: IBI BICES | E4: 2500 | F4: 0 | G4: 2500 | H4: 2421.92 | I4: 0 | J4: 0 | K4: 2421.92 | L4: 2172.9 | M4: 249.02 | N4: -78.08 | O4: =(K4*100%)/E4 -> 0.968768 | P4: =(K4*100%)/G4 -> 0.968768
A5: 0 | B5: 1 | C5: 1150001 | D5: Impost sobre vehicles de tracció mecànica | E5: 1230000 | F5: 0 | G5: 1230000 | H5: 1233090.6 | I5: 7278.5 | J5: 11160.61 | K5: 1214651.5 | L5: 1040651.9 | M5: 173999.61 | N5: -15348.48 | O5: =(K5*100%)/E5 -> 0.98752156 | P5: =(K5*100%)/G5 -> 0.98752156 | S5: =K5-G5 -> -15348.48
A6: 0 | B6: 1 | C6: 1160001 | D6: Impost increment terrenys naturalesa urbana | E6: 244900 | F6: 0 | G6: 244900 | H6: 406903.03 | I6: 9257.25 | J6: 0 | K6: 397645.78 | L6: 332409.46 | M6: 65236.32 | N6: 152745.78 | O6: =(K6*100%)/E6 -> 1.6237067 | P6: =(K6*100%)/G6 -> 1.6237067 | Q6: =K6-E6 -> 152745.78 | R6: plusvalua | S6: =K6-G6 -> 152745.78
A7: 0 | B7: 1 | C7: 1300001 | D7: Impost activitats econòmiques | E7: 485000 | F7: 0 | G7: 485000 | H7: 513323.84 | I7: 5107.82 | J7: 0 | K7: 508216.02 | L7: 460230.79 | M7: 47985.23 | N7: 23216.02 | O7: =(K7*100%)/E7 -> 1.0478681 | P7: =(K7*100%)/G7 -> 1.0478681 | S7: =K7-G7 -> 23216.02
A8: 0 | B8: 1 | C8: 1300002 | D8: I.A.E. Hisenda | E8: 100000 | F8: 0 | G8: 100000 | H8: 85895.07 | I8: 0 | J8: 0 | K8: 85895.07 | L8: 85895.07 | M8: 0 | N8: -14104.93 | O8: =(K8*100%)/E8 -> 0.8589507 | P8: =(K8*100%)/G8 -> 0.8589507 | S8: =K8-G8 -> -14104.93
A9: 0 | B9: 2 | C9: 2900001 | D9: Impost construccions instal·lacions i obres | E9: 450000 | F9: 0 | G9: 450000 | H9: 573835.21 | I9: 201993.13 | J9: 0 | K9: 371842.08 | L9: 264382.22 | M9: 107459.86 | N9: -78157.92 | O9: =(K9*100%)/E9 -> 0.82631573 | P9: =(K9*100%)/G9 -> 0.82631573 | S9: =K9-G9 -> -78157.92
A10: 0 | B10: 3 | C10: 3020001 | D10: Taxa recollida d'escombraries | E10: 1313000 | F10: 0 | G10: 1313000 | H10: 1364397 | I10: 23498.33 | J10: 0 | K10: 1340898.7 | L10: 1163803.8 | M10: 177094.87 | N10: 27898.68 | O10: =(K10*100%)/E10 -> 1.021248 | P10: =(K10*100%)/G10 -> 1.021248 | S10: =K10-G10 -> 27898.68
A11: 0 | B11: 3 | C11: 3090001 | D11: Taxa serveis fúnebres | E11: 25000 | F11: 0 | G11: 25000 | H11: 24008.8 | I11: 202.6 | J11: 0 | K11: 23806.2 | L11: 21453.8 | M11: 2352.4 | N11: -1193.8 | O11: =(K11*100%)/E11 -> 0.952248 | P11: =(K11*100%)/G11 -> 0.952248 | S11: =K11-G11 -> -1193.8
A12: 0 | B12: 3 | C12: 3120001 | D12: Matrícules escola de música | E12: 23000 | F12: 0 | G12: 23000 | H12: 5134.15 | I12: 0 | J12: 0 | K12: 5134.15 | L12: 5134.15 | M12: 0 | N12: -17865.85 | O12: =(K12*100%)/E12 -> 0.22322391 | P12: =(K12*100%)/G12 -> 0.22322391 | S12: =K12-G12 -> -17865.85
A13: 0 | B13: 3 | C13: 3120002 | D13: Quotes escola de música | E13: 195000 | F13: 0 | G13: 195000 | H13: 203207.57 | I13: 0 | J13: 0 | K13: 203207.57 | L13: 200832.06 | M13: 2375.51 | N13: 8207.57 | O13: =(K13*100%)/E13 -> 1.0420901 | P13: =(K13*100%)/G13 -> 1.0420901 | S13: =K13-G13 -> 8207.57
A14: 0 | B14: 3 | C14: 3120003 | D14: Taxa lloguer instruments escola de música | E14: 0 | F14: 0 | G14: 0 | H14: 330 | I14: 0 | J14: 0 | K14: 330 | L14: 330 | M14: 0 | N14: 330 | O14: =(K14*100%)/E14 -> #DIV/0! | P14: =(K14*100%)/G14 -> #DIV/0!
A15: 0 | B15: 3 | C15: 3130001 | D15: Taxa poliesportiu municipal | E15: 1500 | F15: 0 | G15: 1500 | H15: 10170 | I15: 4015 | J15: 0 | K15: 6155 | L15: 5805 | M15: 350 | N15: 4655 | O15: =(K15*100%)/E15 -> 4.1033333 | P15: =(K15*100%)/G15 -> 4.1033333 | S15: =K15-G15 -> 4655
A16: 0 | B16: 3 | C16: 3130002 | D16: Taxa piscina Altet i Claravalls | E16: 16000 | F16: 0 | G16: 16000 | H16: 9309.8 | I16: 0 | J16: 0 | K16: 9309.8 | L16: 9309.8 | M16: 0 | N16: -6690.2 | O16: =(K16*100%)/E16 -> 0.5818625 | P16: =(K16*100%)/G16 -> 0.5818625 | S16: =K16-G16 -> -6690.2
A17: 0 | B17: 3 | C17: 3130003 | D17: Taxa piscina Claravalls | E17: 0 | F17: 0 | G17: 0 | H17: 8094 | I17: 0 | J17: 0 | K17: 8094 | L17: 8094 | M17: 0 | N17: 8094 | O17: =(K17*100%)/E17 -> #DIV/0! | P17: =(K17*100%)/G17 -> #DIV/0! | S17: =K17-G17 -> 8094
A18: 0 | B18: 3 | C18: 3130004 | D18: Taxa piscina descoberta Tàrrega | E18: 0 | F18: 0 | G18: 0 | H18: 107136 | I18: 0 | J18: 0 | K18: 107136 | L18: 106600.5 | M18: 535.5 | N18: 107136 | O18: =(K18*100%)/E18 -> #DIV/0! | P18: =(K18*100%)/G18 -> #DIV/0! | Q18: =(K16+K18+K19)-(E16+E19+E70) -> 19293.46 | R18: taxes piscines perquè estava en altres partides)
A19: 0 | B19: 3 | C19: 3130005 | D19: Taxa piscina coberta Tàrrega | E19: 95000 | F19: 0 | G19: 95000 | H19: 38847.66 | I19: 0 | J19: 0 | K19: 38847.66 | L19: 37284.66 | M19: 1563 | N19: -56152.34 | O19: =(K19*100%)/E19 -> 0.40892274 | P19: =(K19*100%)/G19 -> 0.40892274 | S19: =K19-G19 -> -56152.34
A20: 0 | B20: 3 | C20: 3190001 | D20: Targetes bus urbà | E20: 1000 | F20: 0 | G20: 1000 | H20: 2980.77 | I20: 0 | J20: 0 | K20: 2980.77 | L20: 2977.5 | M20: 3.27 | N20: 1980.77 | O20: =(K20*100%)/E20 -> 2.98077 | P20: =(K20*100%)/G20 -> 2.98077 | S20: =K20-G20 -> 1980.77
A21: 0 | B21: 3 | C21: 3190002 | D21: Taxa nínxols cementiri | E21: 30000 | F21: 0 | G21: 30000 | H21: 39366.54 | I21: 0 | J21: 0 | K21: 39366.54 | L21: 34896.54 | M21: 4470 | N21: 9366.54 | O21: =(K21*100%)/E21 -> 1.312218 | P21: =(K21*100%)/G21 -> 1.312218 | Q21: =K21-E21 -> 9366.54 | S21: =K21-G21 -> 9366.54
A22: 0 | B22: 3 | C22: 3190003 | D22: Taxa casaments i celebracions | E22: 2500 | F22: 0 | G22: 2500 | H22: 1660 | I22: 0 | J22: 0 | K22: 1660 | L22: 1660 | M22: 0 | N22: -840 | O22: =(K22*100%)/E22 -> 0.664 | P22: =(K22*100%)/G22 -> 0.664
A23: 0 | B23: 3 | C23: 3190004 | D23: Taxa conservació elements comuns cementiri | E23: 48000 | F23: 0 | G23: 48000 | H23: 48091.15 | I23: 0 | J23: 0 | K23: 48091.15 | L23: 42853.15 | M23: 5238 | N23: 91.15 | O23: =(K23*100%)/E23 -> 1.001899 | P23: =(K23*100%)/G23 -> 1.001899
A24: 0 | B24: 3 | C24: 3190005 | D24: Taxa alberg de pelegrins de Cal Trepat | E24: 0 | F24: 0 | G24: 0 | H24: 620 | I24: 0 | J24: 0 | K24: 620 | L24: 620 | M24: 0 | N24: 620 | O24: =(K24*100%)/E24 -> #DIV/0! | P24: =(K24*100%)/G24 -> #DIV/0!
A25: 0 | B25: 3 | C25: 3210001 | D25: Taxa llicències urbanístiques | E25: 40000 | F25: 0 | G25: 40000 | H25: 49611.32 | I25: 662 | J25: 0 | K25: 48949.32 | L25: 44971.52 | M25: 3977.8 | N25: 8949.32 | O25: =(K25*100%)/E25 -> 1.223733 | P25: =(K25*100%)/G25 -> 1.223733 | Q25: =K25-E25 -> 8949.32 | S25: =K25-G25 -> 8949.32
A26: 0 | B26: 3 | C26: 3220001 | D26: Taxa llicències habitabilitat i primera ocupació | E26: 200 | F26: 0 | G26: 200 | H26: 0 | I26: 0 | J26: 0 | K26: 0 | L26: 0 | M26: 0 | N26: -200 | O26: =(K26*100%)/E26 -> 0 | P26: =(K26*100%)/G26 -> 0
A27: 0 | B27: 3 | C27: 3250001 | D27: Taxa expedició documents | E27: 12500 | F27: 0 | G27: 12500 | H27: 14025.05 | I27: 106.25 | J27: 0 | K27: 13918.8 | L27: 11399.5 | M27: 2519.3 | N27: 1418.8 | O27: =(K27*100%)/E27 -> 1.113504 | P27: =(K27*100%)/G27 -> 1.113504 | Q27: =K27-E27 -> 1418.8 | S27: =K27-G27 -> 1418.8
A28: 0 | B28: 3 | C28: 3260001 | D28: Taxa retirada vehicles via pública | E28: 4500 | F28: 0 | G28: 4500 | H28: 3437.2 | I28: 53 | J28: 0 | K28: 3384.2 | L28: 3384.2 | M28: 0 | N28: -1115.8 | O28: =(K28*100%)/E28 -> 0.75204444 | P28: =(K28*100%)/G28 -> 0.75204444
A29: 0 | B29: 3 | C29: 3290002 | D29: Taxa llicència taxi | E29: 100 | F29: 0 | G29: 100 | H29: 0 | I29: 0 | J29: 0 | K29: 0 | L29: 0 | M29: 0 | N29: -100 | O29: =(K29*100%)/E29 -> 0 | P29: =(K29*100%)/G29 -> 0
A30: 0 | B30: 3 | C30: 3290003 | D30: Taxa obertura establiment | E30: 25000 | F30: 0 | G30: 25000 | H30: 30132.5 | I30: 0 | J30: 0 | K30: 30132.5 | L30: 23152.5 | M30: 6980 | N30: 5132.5 | O30: =(K30*100%)/E30 -> 1.2053 | P30: =(K30*100%)/G30 -> 1.2053 | Q30: =K30-E30 -> 5132.5 | S30: =K30-G30 -> 5132.5
A31: 0 | B31: 3 | C31: 3300001 | D31: Cànon estació d'autobusos | E31: 7500 | F31: 0 | G31: 7500 | H31: 12683.4 | I31: 0 | J31: 0 | K31: 12683.4 | L31: 12683.4 | M31: 0 | N31: 5183.4 | O31: =(K31*100%)/E31 -> 1.69112 | P31: =(K31*100%)/G31 -> 1.69112 | Q31: =K31-E31 -> 5183.4 | S31: =K31-G31 -> 5183.4
A32: 0 | B32: 3 | C32: 3310001 | D32: Taxa reserva aparcament entrada vehicles | E32: 81000 | F32: 0 | G32: 81000 | H32: 82450 | I32: 2125 | J32: 0 | K32: 80325 | L32: 73125 | M32: 7200 | N32: -675 | O32: =(K32*100%)/E32 -> 0.99166667 | P32: =(K32*100%)/G32 -> 0.99166667
A33: 0 | B33: 3 | C33: 3320001 | D33: O.V.P. Companyies elèctriques | E33: 170000 | F33: 0 | G33: 170000 | H33: 52442.63 | I33: 0 | J33: 0 | K33: 52442.63 | L33: 52442.63 | M33: 0 | N33: -117557.37 | O33: =(K33*100%)/E33 -> 0.30848606 | P33: =(K33*100%)/G33 -> 0.30848606 | Q33: =K33-E33 -> -117557.37 | S33: =K33-G33 -> -117557.37
A34: 0 | B34: 3 | C34: 3320002 | D34: O.V.P Companyies gas | E34: 52000 | F34: 0 | G34: 52000 | H34: 38741.71 | I34: 0 | J34: 0 | K34: 38741.71 | L34: 38741.71 | M34: 0 | N34: -13258.29 | O34: =(K34*100%)/E34 -> 0.74503288 | P34: =(K34*100%)/G34 -> 0.74503288 | Q34: =K34-E34 -> -13258.29 | S34: =K34-G34 -> -13258.29
A35: 0 | B35: 3 | C35: 3320010 | D35: O.V.P. Taxa 1,5% inspecció | E35: 0 | F35: 0 | G35: 0 | H35: 371066.13 | I35: 0 | J35: 0 | K35: 371066.13 | L35: 355769.33 | M35: 15296.8 | N35: 371066.13 | O35: =(K35*100%)/E35 -> #DIV/0! | P35: =(K35*100%)/G35 -> #DIV/0! | Q35: =K35 -> 371066.13 | S35: =K35-G35 -> 371066.13
A36: 0 | B36: 3 | C36: 3330001 | D36: O.V.P. Antenes centre entitats | E36: 7000 | F36: 0 | G36: 7000 | H36: 6623.72 | I36: 0 | J36: 0 | K36: 6623.72 | L36: 6623.72 | M36: 0 | N36: -376.28 | O36: =(K36*100%)/E36 -> 0.94624571 | P36: =(K36*100%)/G36 -> 0.94624571
A37: 0 | B37: 3 | C37: 3330002 | D37: O.V.P. Antenes farinera Balcells | E37: 7000 | F37: 0 | G37: 7000 | H37: 7627.39 | I37: 0 | J37: 0 | K37: 7627.39 | L37: 7627.39 | M37: 0 | N37: 627.39 | O37: =(K37*100%)/E37 -> 1.0896271 | P37: =(K37*100%)/G37 -> 1.0896271
A38: 0 | B38: 3 | C38: 3330003 | D38: Taxa per utilització privativa o aprofitament especial antenes Sant Eloi | E38: 7000 | F38: 0 | G38: 7000 | H38: 18982.1 | I38: 0 | J38: 0 | K38: 18982.1 | L38: 18982.1 | M38: 0 | N38: 11982.1 | O38: =(K38*100%)/E38 -> 2.7117286 | P38: =(K38*100%)/G38 -> 2.7117286 | Q38: =K38-E38 -> 11982.1 | S38: =K38-G38 -> 11982.1
A39: 0 | B39: 3 | C39: 3340001 | D39: Taxa obertura via pública per obres | E39: 500 | F39: 0 | G39: 500 | H39: 37.5 | I39: 0 | J39: 0 | K39: 37.5 | L39: 37.5 | M39: 0 | N39: -462.5 | O39: =(K39*100%)/E39 -> 0.075 | P39: =(K39*100%)/G39 -> 0.075
A40: 0 | B40: 3 | C40: 3350001 | D40: OVP Terrasses | E40: 36000 | F40: 0 | G40: 36000 | H40: 0 | I40: 101.81 | J40: 0 | K40: -101.81 | L40: -101.81 | M40: 0 | N40: -36101.81 | O40: =(K40*100%)/E40 -> -0.0028280556 | P40: =(K40*100%)/G40 -> -0.0028280556 | R40: ESTAN A ATENEU
A41: 0 | B41: 3 | C41: 3350002 | D41: OVP Bar Festes | E41: 5000 | F41: 0 | G41: 5000 | H41: 3316.96 | I41: 0 | J41: 0 | K41: 3316.96 | L41: 3316.96 | M41: 0 | N41: -1683.04 | O41: =(K41*100%)/E41 -> 0.663392 | P41: =(K41*100%)/G41 -> 0.663392 | S41: =K41-G41 -> -1683.04
A42: 0 | B42: 3 | C42: 3380001 | D42: Compensació companyia Telefónica España SA | E42: 60000 | F42: 0 | G42: 60000 | H42: 42956.21 | I42: 0 | J42: 0 | K42: 42956.21 | L42: 42956.21 | M42: 0 | N42: -17043.79 | O42: =(K42*100%)/E42 -> 0.71593683 | P42: =(K42*100%)/G42 -> 0.71593683 | S42: =K42-G42 -> -17043.79
A43: 0 | B43: 3 | C43: 3390001 | D43: Taxa utilització sala polivalent Oficina Jove de l'Urgell | E43: 1800 | F43: 0 | G43: 1800 | H43: 2797 | I43: 300 | J43: 0 | K43: 2497 | L43: 2050 | M43: 447 | N43: 697 | O43: =(K43*100%)/E43 -> 1.3872222 | P43: =(K43*100%)/G43 -> 1.3872222
A44: 0 | B44: 3 | C44: 3390002 | D44: Taxa utilització sala biblioteca | E44: 250 | F44: 0 | G44: 250 | H44: 291 | I44: 0 | J44: 0 | K44: 291 | L44: 291 | M44: 0 | N44: 41 | O44: =(K44*100%)/E44 -> 1.164 | P44: =(K44*100%)/G44 -> 1.164
A45: 0 | B45: 3 | C45: 3390003 | D45: Taxa ocupació via pública Festa Major | E45: 1000 | F45: 0 | G45: 1000 | H45: 0 | I45: 0 | J45: 0 | K45: 0 | L45: 0 | M45: 0 | N45: -1000 | O45: =(K45*100%)/E45 -> 0 | P45: =(K45*100%)/G45 -> 0
A46: 0 | B46: 3 | C46: 3390004 | D46: Taxa utilització bugs d'assaig | E46: 500 | F46: 0 | G46: 500 | H46: 399 | I46: 0 | J46: 0 | K46: 399 | L46: 399 | M46: 0 | N46: -101 | O46: =(K46*100%)/E46 -> 0.798 | P46: =(K46*100%)/G46 -> 0.798
A47: 0 | B47: 3 | C47: 3390005 | D47: OVP Mercaderies | E47: 3500 | F47: 0 | G47: 3500 | H47: 0 | I47: 0 | J47: 0 | K47: 0 | L47: 0 | M47: 0 | N47: -3500 | O47: =(K47*100%)/E47 -> 0 | P47: =(K47*100%)/G47 -> 0
A48: 0 | B48: 3 | C48: 3390006 | D48: OVP Venda no Sedentària (Mercat) | E48: 62000 | F48: 0 | G48: 62000 | H48: 55402.18 | I48: 315.84 | J48: 0 | K48: 55086.34 | L48: 52222.31 | M48: 2864.03 | N48: -6913.66 | O48: =(K48*100%)/E48 -> 0.88848935 | P48: =(K48*100%)/G48 -> 0.88848935 | S48: =K48-G48 -> -6913.66
A49: 0 | B49: 3 | C49: 3390007 | D49: OVP Activitats de Lleure | E49: 5000 | F49: 0 | G49: 5000 | H49: 8226 | I49: 0 | J49: 0 | K49: 8226 | L49: 6443 | M49: 1783 | N49: 3226 | O49: =(K49*100%)/E49 -> 1.6452 | P49: =(K49*100%)/G49 -> 1.6452 | S49: =K49-G49 -> 3226
A50: 0 | B50: 3 | C50: 3390008 | D50: OVP Tanques i Bastides | E50: 15000 | F50: 0 | G50: 15000 | H50: 17975.81 | I50: 224.25 | J50: 0 | K50: 17751.56 | L50: 15550.75 | M50: 2200.81 | N50: 2751.56 | O50: =(K50*100%)/E50 -> 1.1834373 | P50: =(K50*100%)/G50 -> 1.1834373 | S50: =K50-G50 -> 2751.56
A51: 0 | B51: 3 | C51: 3390009 | D51: OVP Fira del Teatre | E51: 45000 | F51: 0 | G51: 45000 | H51: 43053.8 | I51: 337.5 | J51: 0 | K51: 42716.3 | L51: 42716.3 | M51: 0 | N51: -2283.7 | O51: =(K51*100%)/E51 -> 0.94925111 | P51: =(K51*100%)/G51 -> 0.94925111 | S51: =K51-G51 -> -2283.7
A52: 0 | B52: 3 | C52: 3390010 | D52: Utilització Sala de Cultura | E52: 10 | F52: 0 | G52: 10 | H52: 0 | I52: 0 | J52: 0 | K52: 0 | L52: 0 | M52: 0 | N52: -10 | O52: =(K52*100%)/E52 -> 0 | P52: =(K52*100%)/G52 -> 0
A53: 0 | B53: 3 | C53: 3390011 | D53: Taxa utilització Ateneu (inclou OVP Terrasses) | E53: 1000 | F53: 0 | G53: 1000 | H53: 47430.13 | I53: 2745.05 | J53: 0 | K53: 44685.08 | L53: 29555.41 | M53: 15129.67 | N53: 43685.08 | O53: =(K53*100%)/E53 -> 44.68508 | P53: =(K53*100%)/G53 -> 44.68508 | Q53: =(K40+K53)-(E40+E53) -> 7583.27 | R53: ES OVP TERRASSES
A54: 0 | B54: 3 | C54: 3390012 | D54: Taxa utilització mercat | E54: 2000 | F54: 0 | G54: 2000 | H54: 2782 | I54: 341 | J54: 0 | K54: 2441 | L54: 2441 | M54: 0 | N54: 441 | O54: =(K54*100%)/E54 -> 1.2205 | P54: =(K54*100%)/G54 -> 1.2205
A55: 0 | B55: 3 | C55: 3390013 | D55: Altres taxes O.V.P del domini públic | E55: 2000 | F55: 0 | G55: 2000 | H55: 2034 | I55: 56.25 | J55: 0 | K55: 1977.75 | L55: 1977.75 | M55: 0 | N55: -22.25 | O55: =(K55*100%)/E55 -> 0.988875 | P55: =(K55*100%)/G55 -> 0.988875
A56: 0 | B56: 3 | C56: 3390014 | D56: Filmacions Cal Trepat | E56: 10 | F56: 0 | G56: 10 | H56: 810 | I56: 0 | J56: 0 | K56: 810 | L56: 810 | M56: 0 | N56: 800 | O56: =(K56*100%)/E56 -> 81 | P56: =(K56*100%)/G56 -> 81
A57: 0 | B57: 3 | C57: 3390015 | D57: Taxa utilització sala polivalent Oficina Jove de l'Urgell | E57: 1000 | F57: 0 | G57: 1000 | H57: 0 | I57: 344.58 | J57: 0 | K57: -344.58 | L57: -344.58 | M57: 0 | N57: -1344.58 | O57: =(K57*100%)/E57 -> -0.34458 | P57: =(K57*100%)/G57 -> -0.34458
A58: 0 | B58: 3 | C58: 3410001 | D58: Serveis assistencials | E58: 750 | F58: 0 | G58: 750 | H58: 8015 | I58: 0 | J58: 0 | K58: 8015 | L58: 8015 | M58: 0 | N58: 7265 | O58: =(K58*100%)/E58 -> 10.686667 | P58: =(K58*100%)/G58 -> 10.686667 | Q58: =L58-E59+E58 -> 4265 | S58: =K58-G58 -> 7265
A59: 0 | B59: 3 | C59: 3410002 | D59: Serveis assistencials | E59: 4500 | F59: 0 | G59: 4500 | H59: 0 | I59: 0 | J59: 0 | K59: 0 | L59: 0 | M59: 0 | N59: -4500 | O59: =(K59*100%)/E59 -> 0 | P59: =(K59*100%)/G59 -> 0 | S59: =K59-G59 -> -4500
A60: 0 | B60: 3 | C60: 3420001 | D60: Cursos La Solana | E60: 4500 | F60: 0 | G60: 4500 | H60: 216 | I60: 0 | J60: 0 | K60: 216 | L60: 216 | M60: 0 | N60: -4284 | O60: =(K60*100%)/E60 -> 0.048 | P60: =(K60*100%)/G60 -> 0.048 | Q60: =K60-E60 -> -4284 | S60: =K60-G60 -> -4284
A61: 0 | B61: 3 | C61: 3420002 | D61: Assegurança Llar la Pau | E61: 610 | F61: 0 | G61: 610 | H61: 764.2 | I61: 0 | J61: 0 | K61: 764.2 | L61: 764.2 | M61: 0 | N61: 154.2 | O61: =(K61*100%)/E61 -> 1.2527869 | P61: =(K61*100%)/G61 -> 1.2527869
A62: 0 | B62: 3 | C62: 3420003 | D62: Material escolar Llar La Pau | E62: 2000 | F62: 0 | G62: 2000 | H62: 3405.3 | I62: 0 | J62: 0 | K62: 3405.3 | L62: 3405.3 | M62: 0 | N62: 1405.3 | O62: =(K62*100%)/E62 -> 1.70265 | P62: =(K62*100%)/G62 -> 1.70265 | S62: =K62-G62 -> 1405.3
A63: 0 | B63: 3 | C63: 3420004 | D63: Servei menjador Llar La Pau | E63: 27300 | F63: 0 | G63: 27300 | H63: 32086 | I63: 0 | J63: 0 | K63: 32086 | L63: 31392.5 | M63: 693.5 | N63: 4786 | O63: =(K63*100%)/E63 -> 1.1753114 | P63: =(K63*100%)/G63 -> 1.1753114 | S63: =K63-G63 -> 4786
A64: 0 | B64: 3 | C64: 3420005 | D64: Matrícula i quotes Llar El Niu | E64: 43100 | F64: 0 | G64: 43100 | H64: 60367.2 | I64: 0 | J64: 0 | K64: 60367.2 | L64: 59925.8 | M64: 441.4 | N64: 17267.2 | O64: =(K64*100%)/E64 -> 1.4006311 | P64: =(K64*100%)/G64 -> 1.4006311 | Q64: =K64-E64 -> 17267.2 | S64: =K64-G64 -> 17267.2
A65: 0 | B65: 3 | C65: 3420006 | D65: Assegurança Llar El Niu | E65: 877 | F65: 0 | G65: 877 | H65: 872.8 | I65: 0 | J65: 0 | K65: 872.8 | L65: 872.8 | M65: 0 | N65: -4.2 | O65: =(K65*100%)/E65 -> 0.99521095 | P65: =(K65*100%)/G65 -> 0.99521095
A66: 0 | B66: 3 | C66: 3420007 | D66: Material escolar llar El Niu | E66: 3200 | F66: 0 | G66: 3200 | H66: 3735 | I66: 0 | J66: 0 | K66: 3735 | L66: 3735 | M66: 0 | N66: 535 | O66: =(K66*100%)/E66 -> 1.1671875 | P66: =(K66*100%)/G66 -> 1.1671875 | S66: =K66-G66 -> 535
A67: 0 | B67: 3 | C67: 3420008 | D67: Servei menjador Llar El Niu | E67: 35000 | F67: 0 | G67: 35000 | H67: 44799.4 | I67: 0 | J67: 0 | K67: 44799.4 | L67: 44239.5 | M67: 559.9 | N67: 9799.4 | O67: =(K67*100%)/E67 -> 1.2799829 | P67: =(K67*100%)/G67 -> 1.2799829 | Q67: =K67-E67 -> 9799.4 | S67: =K67-G67 -> 9799.4
A68: 0 | B68: 3 | C68: 3420009 | D68: Matrícula i quotes Llar La Pau | E68: 26300 | F68: 0 | G68: 26300 | H68: 32965.5 | I68: 0 | J68: 0 | K68: 32965.5 | L68: 32275.5 | M68: 690 | N68: 6665.5 | O68: =(K68*100%)/E68 -> 1.2534411 | P68: =(K68*100%)/G68 -> 1.2534411 | Q68: =K68-E68 -> 6665.5 | S68: =K68-G68 -> 6665.5
A69: 0 | B69: 3 | C69: 3430001 | D69: Serveis esportius | E69: 1000 | F69: 0 | G69: 1000 | H69: 855 | I69: 0 | J69: 0 | K69: 855 | L69: 855 | M69: 0 | N69: -145 | O69: =(K69*100%)/E69 -> 0.855 | P69: =(K69*100%)/G69 -> 0.855
A70: 0 | B70: 3 | C70: 3430003 | D70: Preus públics piscina coberta. | E70: 25000 | F70: 0 | G70: 25000 | H70: 0 | I70: 0 | J70: 0 | K70: 0 | L70: 0 | M70: 0 | N70: -25000 | O70: =(K70*100%)/E70 -> 0 | P70: =(K70*100%)/G70 -> 0
A71: 0 | B71: 3 | C71: 3440001 | D71: Entrades museus, exposicions, espectacles Trepat | E71: 500 | F71: 0 | G71: 500 | H71: 1569 | I71: 0 | J71: 0 | K71: 1569 | L71: 1164 | M71: 405 | N71: 1069 | O71: =(K71*100%)/E71 -> 3.138 | P71: =(K71*100%)/G71 -> 3.138 | S71: =K71-G71 -> 1069
A72: 0 | B72: 3 | C72: 3440002 | D72: Entrades museus, exposicions, espectacles M.Comarcal | E72: 150 | F72: 0 | G72: 150 | H72: 5698 | I72: 0 | J72: 0 | K72: 5698 | L72: 5698 | M72: 0 | N72: 5548 | O72: =(K72*100%)/E72 -> 37.986667 | P72: =(K72*100%)/G72 -> 37.986667 | S72: =K72-G72 -> 5548
A73: 0 | B73: 3 | C73: 3490001 | D73: Pàrquing Av. Catalunya | E73: 80000 | F73: 0 | G73: 80000 | H73: 78589.83 | I73: 162.24 | J73: 0 | K73: 78427.59 | L73: 76807.65 | M73: 1619.94 | N73: -1572.41 | O73: =(K73*100%)/E73 -> 0.98034488 | P73: =(K73*100%)/G73 -> 0.98034488 | S73: =K73-G73 -> -1572.41
A74: 0 | B74: 3 | C74: 3490003 | D74: Entrades Teatre | E74: 32000 | F74: 0 | G74: 32000 | H74: 57903.9 | I74: 147 | J74: 0 | K74: 57756.9 | L74: 57756.9 | M74: 0 | N74: 25756.9 | O74: =(K74*100%)/E74 -> 1.8049031 | P74: =(K74*100%)/G74 -> 1.8049031 | Q74: =K74-E74 -> 25756.9 | S74: =K74-G74 -> 25756.9
A75: 0 | B75: 3 | C75: 3490004 | D75: Musica i concerts | E75: 15000 | F75: 0 | G75: 15000 | H75: 11776.53 | I75: 0 | J75: 0 | K75: 11776.53 | L75: 11776.53 | M75: 0 | N75: -3223.47 | O75: =(K75*100%)/E75 -> 0.785102 | P75: =(K75*100%)/G75 -> 0.785102 | S75: =K75-G75 -> -3223.47
A76: 0 | B76: 3 | C76: 3490006 | D76: Parc de Nadal | E76: 15000 | F76: 0 | G76: 15000 | H76: 12233.66 | I76: 0 | J76: 0 | K76: 12233.66 | L76: 12233.66 | M76: 0 | N76: -2766.34 | O76: =(K76*100%)/E76 -> 0.81557733 | P76: =(K76*100%)/G76 -> 0.81557733 | S76: =K76-G76 -> -2766.34
A77: 0 | B77: 3 | C77: 3490010 | D77: Utilització Tarimes | E77: 800 | F77: 0 | G77: 800 | H77: 651.3 | I77: 0 | J77: 0 | K77: 651.3 | L77: 651.3 | M77: 0 | N77: -148.7 | O77: =(K77*100%)/E77 -> 0.814125 | P77: =(K77*100%)/G77 -> 0.814125
A78: 0 | B78: 3 | C78: 3490011 | D78: Fira CóC | E78: 7000 | F78: 0 | G78: 7000 | H78: 2866.5 | I78: 117.01 | J78: 0 | K78: 2749.49 | L78: 2749.49 | M78: 0 | N78: -4250.51 | O78: =(K78*100%)/E78 -> 0.39278429 | P78: =(K78*100%)/G78 -> 0.39278429 | S78: =K78-G78 -> -4250.51
A79: 0 | B79: 3 | C79: 3490012 | D79: Fira Artistes i Artesans | E79: 10000 | F79: 0 | G79: 10000 | H79: 5283 | I79: 312 | J79: 0 | K79: 4971 | L79: 4849.75 | M79: 121.25 | N79: -5029 | O79: =(K79*100%)/E79 -> 0.4971 | P79: =(K79*100%)/G79 -> 0.4971 | Q79: =K79-E79 -> -5029 | S79: =K79-G79 -> -5029
A80: 0 | B80: 3 | C80: 3490013 | D80: Fira Medi Ambient | E80: 4000 | F80: 0 | G80: 4000 | H80: 1774.96 | I80: 102.5 | J80: 0 | K80: 1672.46 | L80: 1672.46 | M80: 0 | N80: -2327.54 | O80: =(K80*100%)/E80 -> 0.418115 | P80: =(K80*100%)/G80 -> 0.418115 | Q80: =K80-E80 -> -2327.54 | S80: =K80-G80 -> -2327.54
A81: 0 | B81: 3 | C81: 3490014 | D81: Altres Fires | E81: 100 | F81: 0 | G81: 100 | H81: 0 | I81: 0 | J81: 0 | K81: 0 | L81: 0 | M81: 0 | N81: -100 | O81: =(K81*100%)/E81 -> 0 | P81: =(K81*100%)/G81 -> 0
A82: 0 | B82: 3 | C82: 3490015 | D82: Publicitat Radio TV | E82: 20000 | F82: 0 | G82: 20000 | H82: 19662.45 | I82: 0 | J82: 0 | K82: 19662.45 | L82: 15516.58 | M82: 4145.87 | N82: -337.55 | O82: =(K82*100%)/E82 -> 0.9831225 | P82: =(K82*100%)/G82 -> 0.9831225
A83: 0 | B83: 3 | C83: 3490016 | D83: Publicitat Festa Major | E83: 500 | F83: 0 | G83: 500 | H83: 0 | I83: 0 | J83: 0 | K83: 0 | L83: 0 | M83: 0 | N83: -500 | O83: =(K83*100%)/E83 -> 0 | P83: =(K83*100%)/G83 -> 0
A84: 0 | B84: 3 | C84: 3490017 | D84: Publicitat Actes culturals | E84: 500 | F84: 0 | G84: 500 | H84: 0 | I84: 0 | J84: 0 | K84: 0 | L84: 0 | M84: 0 | N84: -500 | O84: =(K84*100%)/E84 -> 0 | P84: =(K84*100%)/G84 -> 0
A85: 0 | B85: 3 | C85: 3490018 | D85: Mercats populars | E85: 200 | F85: 0 | G85: 200 | H85: 248 | I85: 0 | J85: 0 | K85: 248 | L85: 248 | M85: 0 | N85: 48 | O85: =(K85*100%)/E85 -> 1.24 | P85: =(K85*100%)/G85 -> 1.24
A86: 0 | B86: 3 | C86: 3490019 | D86: Activitats de Joventut | E86: 1000 | F86: 0 | G86: 1000 | H86: 1072.5 | I86: 0 | J86: 0 | K86: 1072.5 | L86: 1072.5 | M86: 0 | N86: 72.5 | O86: =(K86*100%)/E86 -> 1.0725 | P86: =(K86*100%)/G86 -> 1.0725
A87: 0 | B87: 3 | C87: 3490024 | D87: ACA, gestió depuradora | E87: 500000 | F87: 0 | G87: 500000 | H87: 427912.76 | I87: 0 | J87: 0 | K87: 427912.76 | L87: 332900.4 | M87: 95012.36 | N87: -72087.24 | O87: =(K87*100%)/E87 -> 0.85582552 | P87: =(K87*100%)/G87 -> 0.85582552 | S87: =K87-G87 -> -72087.24
A88: 0 | B88: 3 | C88: 3490025 | D88: Altres preus publics CEEI Cal Trepat | E88: 50 | F88: 0 | G88: 50 | H88: 0 | I88: 0 | J88: 0 | K88: 0 | L88: 0 | M88: 0 | N88: -50 | O88: =(K88*100%)/E88 -> 0 | P88: =(K88*100%)/G88 -> 0
A89: 0 | B89: 3 | C89: 3490026 | D89: Altres preus públics | E89: 8000 | F89: 0 | G89: 8000 | H89: 0 | I89: 0 | J89: 0 | K89: 0 | L89: 0 | M89: 0 | N89: -8000 | O89: =(K89*100%)/E89 -> 0 | P89: =(K89*100%)/G89 -> 0 | S89: =K89-G89 -> -8000
A90: 0 | B90: 3 | C90: 3490028 | D90: Utilit. Sales Centre Entitats | E90: 100 | F90: 0 | G90: 100 | H90: 0 | I90: 0 | J90: 0 | K90: 0 | L90: 0 | M90: 0 | N90: -100 | O90: =(K90*100%)/E90 -> 0 | P90: =(K90*100%)/G90 -> 0
A91: 0 | B91: 3 | C91: 3490031 | D91: Fira vehicles ocasió | E91: 21000 | F91: 0 | G91: 21000 | H91: 17819.84 | I91: 0 | J91: 0 | K91: 17819.84 | L91: 17819.84 | M91: 0 | N91: -3180.16 | O91: =(K91*100%)/E91 -> 0.84856381 | P91: =(K91*100%)/G91 -> 0.84856381 | Q91: =K91-E91 -> -3180.16 | S91: =K91-G91 -> -3180.16
A92: 0 | B92: 3 | C92: 3490033 | D92: Venda llibres Trepat | E92: 100 | F92: 0 | G92: 100 | H92: 0 | I92: 0 | J92: 0 | K92: 0 | L92: 0 | M92: 0 | N92: -100 | O92: =(K92*100%)/E92 -> 0 | P92: =(K92*100%)/G92 -> 0
A93: 0 | B93: 3 | C93: 3490034 | D93: Exposicions temporals | E93: 100 | F93: 0 | G93: 100 | H93: 0 | I93: 0 | J93: 0 | K93: 0 | L93: 0 | M93: 0 | N93: -100 | O93: =(K93*100%)/E93 -> 0 | P93: =(K93*100%)/G93 -> 0
A94: 0 | B94: 3 | C94: 3490035 | D94: Venda llibres Museu Comarcal | E94: 1500 | F94: 0 | G94: 1500 | H94: 2693.27 | I94: 0 | J94: 0 | K94: 2693.27 | L94: 2693.27 | M94: 0 | N94: 1193.27 | O94: =(K94*100%)/E94 -> 1.7955133 | P94: =(K94*100%)/G94 -> 1.7955133 | S94: =K94-G94 -> 1193.27
A95: 0 | B95: 3 | C95: 3490036 | D95: Venda llibres polítiques d'igualtat | E95: 50 | F95: 0 | G95: 50 | H95: 0 | I95: 0 | J95: 0 | K95: 0 | L95: 0 | M95: 0 | N95: -50 | O95: =(K95*100%)/E95 -> 0 | P95: =(K95*100%)/G95 -> 0
A96: 0 | B96: 3 | C96: 3490039 | D96: Altres preus públics. | E96: 5000 | F96: 0 | G96: 5000 | H96: 0 | I96: 0 | J96: 0 | K96: 0 | L96: 0 | M96: 0 | N96: -5000 | O96: =(K96*100%)/E96 -> 0 | P96: =(K96*100%)/G96 -> 0 | S96: =K96-G96 -> -5000
A97: 0 | B97: 3 | C97: 3600002 | D97: Venda Albades | E97: 100 | F97: 0 | G97: 100 | H97: 72.87 | I97: 0 | J97: 0 | K97: 72.87 | L97: 65.84 | M97: 7.03 | N97: -27.13 | O97: =(K97*100%)/E97 -> 0.7287 | P97: =(K97*100%)/G97 -> 0.7287
A98: 0 | B98: 3 | C98: 3600003 | D98: Vendes turisme | E98: 0 | F98: 0 | G98: 0 | H98: 400 | I98: 0 | J98: 0 | K98: 400 | L98: 400 | M98: 0 | N98: 400 | O98: =(K98*100%)/E98 -> #DIV/0! | P98: =(K98*100%)/G98 -> #DIV/0!
A99: 0 | B99: 3 | C99: 3600004 | D99: Altres vendes objectes | E99: 10 | F99: 0 | G99: 10 | H99: 0 | I99: 0 | J99: 0 | K99: 0 | L99: 0 | M99: 0 | N99: -10 | O99: =(K99*100%)/E99 -> 0 | P99: =(K99*100%)/G99 -> 0
A100: 0 | B100: 3 | C100: 3890001 | D100: Devolució pagaments | E100: 0 | F100: 0 | G100: 0 | H100: 40338.59 | I100: 0 | J100: 0 | K100: 40338.59 | L100: 30121.79 | M100: 10216.8 | N100: 40338.59 | O100: =(K100*100%)/E100 -> #DIV/0! | P100: =(K100*100%)/G100 -> #DIV/0! | Q100: =K100-E100 -> 40338.59 | S100: =K100-G100 -> 40338.59
...

Sheet LIQ.INGRESSOS CORRENT
A1: Org. | B1: Capitol | C1: Econ. | D1: Descripció | E1: Previsions inicials | F1: Modificacions | G1: Previsions definitives | H1: Drets reconeguts | I1: Drets anul.lats | J1: Drets cancel.lats | K1: Drets reconeguts nets | L1: Recaptació neta | M1: Drets pendents de cobrament | N1: Excés / defecte previsió
A2: 0 | B2: 1 | C2: 1120001 | D2: IBI Rústica | E2: 250000 | F2: 0 | G2: 250000 | H2: 248681.29 | I2: 587.74 | J2: 0 | K2: 248093.55 | L2: 208614.59 | M2: 39478.96 | N2: -1906.45
A3: 0 | B3: 1 | C3: 1130001 | D3: IBI Urbana | E3: 5400000 | F3: 0 | G3: 5400000 | H3: 5423437.8 | I3: 35757.05 | J3: 6411.79 | K3: 5381269 | L3: 4943571.8 | M3: 437697.21 | N3: -18731.02
A4: 0 | B4: 1 | C4: 1140001 | D4: IBI BICES | E4: 2500 | F4: 0 | G4: 2500 | H4: 2421.92 | I4: 0 | J4: 0 | K4: 2421.92 | L4: 2172.9 | M4: 249.02 | N4: -78.08
A5: 0 | B5: 1 | C5: 1150001 | D5: Impost sobre vehicles de tracció mecànica | E5: 1230000 | F5: 0 | G5: 1230000 | H5: 1233090.6 | I5: 7278.5 | J5: 11160.61 | K5: 1214651.5 | L5: 1040651.9 | M5: 173999.61 | N5: -15348.48
A6: 0 | B6: 1 | C6: 1160001 | D6: Impost increment terrenys naturalesa urbana | E6: 244900 | F6: 0 | G6: 244900 | H6: 406903.03 | I6: 9257.25 | J6: 0 | K6: 397645.78 | L6: 332409.46 | M6: 65236.32 | N6: 152745.78
A7: 0 | B7: 1 | C7: 1300001 | D7: Impost activitats econòmiques | E7: 485000 | F7: 0 | G7: 485000 | H7: 513323.84 | I7: 5107.82 | J7: 0 | K7: 508216.02 | L7: 460230.79 | M7: 47985.23 | N7: 23216.02
A8: 0 | B8: 1 | C8: 1300002 | D8: I.A.E. Hisenda | E8: 100000 | F8: 0 | G8: 100000 | H8: 85895.07 | I8: 0 | J8: 0 | K8: 85895.07 | L8: 85895.07 | M8: 0 | N8: -14104.93
A9: 0 | B9: 2 | C9: 2900001 | D9: Impost construccions instal·lacions i obres | E9: 450000 | F9: 0 | G9: 450000 | H9: 573835.21 | I9: 201993.13 | J9: 0 | K9: 371842.08 | L9: 264382.22 | M9: 107459.86 | N9: -78157.92
A10: 0 | B10: 3 | C10: 3020001 | D10: Taxa recollida d'escombraries | E10: 1313000 | F10: 0 | G10: 1313000 | H10: 1364397 | I10: 23498.33 | J10: 0 | K10: 1340898.7 | L10: 1163803.8 | M10: 177094.87 | N10: 27898.68
A11: 0 | B11: 3 | C11: 3090001 | D11: Taxa serveis fúnebres | E11: 25000 | F11: 0 | G11: 25000 | H11: 24008.8 | I11: 202.6 | J11: 0 | K11: 23806.2 | L11: 21453.8 | M11: 2352.4 | N11: -1193.8
A12: 0 | B12: 3 | C12: 3120001 | D12: Matrícules escola de música | E12: 23000 | F12: 0 | G12: 23000 | H12: 5134.15 | I12: 0 | J12: 0 | K12: 5134.15 | L12: 5134.15 | M12: 0 | N12: -17865.85
A13: 0 | B13: 3 | C13: 3120002 | D13: Quotes escola de música | E13: 195000 | F13: 0 | G13: 195000 | H13: 203207.57 | I13: 0 | J13: 0 | K13: 203207.57 | L13: 200832.06 | M13: 2375.51 | N13: 8207.57
... A241: 0 | B241: 9 | C241: 9130011 | D241: Préstecs rebuts a llarg termini d’ens de fora del sector públic.Vàries inversions 2022_1 | E241: 1339500 | F241: 330000 | G241: 1669500 | H241: 508001 | I241: 0 | J241: 0 | K241: 508001 | L241: 508001 | M241: 0 | N241: -1161499

Sheet CAPITOLS AJUNTAMENT
A3: Etiquetas de fila | B3: Suma de Previsions inicials | C3: Suma de Modificacions | D3: Suma de Previsions definitives | E3: Suma de Drets reconeguts | F3: Suma de Drets anul.lats | G3: Suma de Drets cancel.lats | H3: Suma de Drets reconeguts nets | I3: Suma de Recaptació neta | J3: Suma de Drets pendents de cobrament | K3: Suma de Excés / defecte previsió
A4: 1 | B4: 7712400 | C4: 0 | D4: 7712400 | E4: 7913753.6 | F4: 57988.36 | G4: 17572.4 | H4: 7838192.8 | I4: 7073546.5 | J4: 764646.35 | K4: 125792.84 | L4: =GETPIVOTDATA("Suma de Drets reconeguts nets",$A$3,"Capitol","1")/GETPIVOTDATA("Suma de Previsions definitives",$A$3,"Capitol","1") -> 1.0163105
A5: 2 | B5: 450000 | C5: 0 | D5: 450000 | E5: 573835.21 | F5: 201993.13 | G5: 0 | H5: 371842.08 | I5: 264382.22 | J5: 107459.86 | K5: -78157.92 | L5: =GETPIVOTDATA("Suma de Drets reconeguts nets",$A$3,"Capitol","2")/GETPIVOTDATA("Suma de Previsions definitives",$A$3,"Capitol","2") -> 0.82631573
A6: 3 | B6: 3838627 | C6: 0 | D6: 3838627 | E6: 4293950.8 | F6: 40521.4 | G6: 87503.76 | H6: 4165925.6 | I6: 3664413.9 | J6: 501511.69 | K6: 327298.64 | L6: =GETPIVOTDATA("Suma de Drets reconeguts nets",$A$3,"Capitol","3")/GETPIVOTDATA("Suma de Drets reconeguts",$A$3,"Capitol","3") -> 0.97018476
A7: 4 | B7: 5985716 | C7: 988903.67 | D7: 6974619.6 | E7: 6954511.9 | F7: 209607.35 | G7: 0 | H7: 6744904.6 | I7: 6405294.8 | J7: 339609.72 | K7: -229715.08 | L7: =GETPIVOTDATA("Suma de Drets reconeguts nets",$A$3,"Capitol","4")/GETPIVOTDATA("Suma de Drets reconeguts",$A$3,"Capitol","4") -> 0.96986024
A8: 5 | B8: 388503 | C8: 0 | D8: 388503 | E8: 376181.36 | F8: 50243.76 | G8: 0 | H8: 325937.6 | I8: 299389.78 | J8: 26547.82 | K8: -62565.4 | L8: =GETPIVOTDATA("Suma de Drets reconeguts nets",$A$3,"Capitol","5")/GETPIVOTDATA("Suma de Drets reconeguts",$A$3,"Capitol","5") -> 0.8664374
A9: 7 | B9: 1329500 | C9: 414933.74 | D9: 1744433.7 | E9: 1143572.3 | F9: 0 | G9: 0 | H9: 1143572.3 | I9: 729493.75 | J9: 414078.54 | K9: -600861.45 | L9: =GETPIVOTDATA("Suma de Drets reconeguts nets",$A$3,"Capitol","7")/GETPIVOTDATA("Suma de Previsions definitives",$A$3,"Capitol","7") -> 0.65555502
A10: 8 | B10: 0 | C10: 2093162.5 | D10: 2093162.5 | E10: 0 | F10: 0 | G10: 0 | H10: 0 | I10: 0 | J10: 0 | K10: -2093162.5
A11: 9 | B11: 1339500 | C11: 330000 | D11: 1669500 | E11: 508001 | F11: 0 | G11: 0 | H11: 508001 | I11: 508001 | J11: 0 | K11: -1161499 | L11: =GETPIVOTDATA("Suma de Drets reconeguts nets",$A$3,"Capitol","9")/GETPIVOTDATA("Suma de Previsions definitives",$A$3,"Capitol","9") -> 0.30428332
A12: Total general | B12: 21044246 | C12: 3826999.9 | D12: 24871246 | E12: 21763806 | F12: 560354 | G12: 105076.16 | H12: 21098376 | I12: 18944522 | J12: 2153854 | K12: -3772869.9

Sheet EPEL
A1: EPEL CAPITOLS
A4: INGRESSOS | B4: DRN
A5: CAPITOL 1
A6: CAPITOL 2
A7: CAPITOL 3 | B7: =276872.76 -> 276872.76
A8: CAPITOL 4 | B8: 920350
A9: CAPITOL 5
A10: CAPITOL 6
A11: CAPITOL 7
A12: CAPITOL 9
B13: =SUM(B5:B12) -> 1197222.8
A15: DESPESES | B15: ORN
A16: CAPITOL 1 | B16: 429706.15
A17: CAPITOL 2 | B17: =650235.43+165117.14 -> 815352.57
A18: CAPITOL 3 | B18: 3280.69
A19: CAPITOL 4
A20: CAPITOL 6
A21: CAPITOL 7
A22: CAPITOL 9
B23: =SUM(B16:B22) -> 1248339.4
A26: RTAT PRESSUPOSTARI | B26: =B13-B23 -> -51116.65
A27: PIG | B27: -53630.31
A28: NOTA | B28: DESQUADRA DEL PIG PERQUÈ L'AMORTITZACIÓ NO ES UNA DESPESA PRESSUPOSTARIA
A29: amortitzacio | B29: =B27-B26 -> -2513.66

Sheet SUMTA
A1: CAPITOLS
A3: INGRESSOS | B3: DRN
A4: CAPITOL 1
A5: CAPITOL 2
A6: CAPITOL 3 | B6: 0
A7: CAPITOL 4 | B7: 0
A8: CAPITOL 5 | B8: 0
A9: CAPITOL 6
A10: CAPITOL 7
A11: CAPITOL 9
B12: =SUM(B4:B11) -> 0
A14: DESPESES | B14: ORN
A15: CAPITOL 1 | B15: 0
A16: CAPITOL 2 | B16: 7449.68
A17: CAPITOL 3 | B17: 120
A18: CAPITOL 4
A19: CAPITOL 6 | B19: 0
A20: CAPITOL 7
A21: CAPITOL 9
B22: =SUM(B15:B21) -> 7569.68

Sheet CONSOLIDAT
A1: INGRESSOS CONSOLIDATS
B3: AJUNTAMENT | C3: EPEL | D3: SUMTA | E3: TRANSFERENCIES INTERNES | F3: TOTAL CONSOLIDAT
A4: Capítol1 | B4: =GETPIVOTDATA("Suma de Drets reconeguts nets",'CAPITOLS AJUNTAMENT'!$A$3,"Capitol","1") -> 7838192.8 | D4: 0 | F4: =B4+C4+D4-E4 -> 7838192.8
A5: Capítol 2 | B5: =GETPIVOTDATA("Suma de Drets reconeguts nets",'CAPITOLS AJUNTAMENT'!$A$3,"Capitol","2") -> 371842.08 | D5: 0 | F5: =B5+C5+D5-E5 -> 371842.08
A6: Capítol 3 | B6: =GETPIVOTDATA("Suma de Drets reconeguts nets",'CAPITOLS AJUNTAMENT'!$A$3,"Capitol","3") -> 4165925.6 | C6: =EPEL!B7 -> 276872.76 | D6: 0 | F6: =B6+C6+D6-E6 -> 4442798.4
A7: Capítol 4 | B7: =GETPIVOTDATA("Suma de Drets reconeguts nets",'CAPITOLS AJUNTAMENT'!$A$3,"Capitol","4") -> 6744904.6 | C7: =EPEL!B8 -> 920350 | D7: 0 | E7: 216000 | F7: =B7+C7+D7-E7 -> 7449254.6
A8: Capítol 5 | B8: =GETPIVOTDATA("Suma de Drets reconeguts nets",'CAPITOLS AJUNTAMENT'!$A$3,"Capitol","5") -> 325937.6 | D8: 0 | F8: =B8+C8+D8-E8 -> 325937.6
A9: Capítol 6 | B9: 0 | D9: 0 | F9: =B9+C9+D9-E9 -> 0
A10: Capítol 7 | B10: =GETPIVOTDATA("Suma de Drets reconeguts nets",'CAPITOLS AJUNTAMENT'!$A$3,"Capitol","7") -> 1143572.3 | D10: 0 | F10: =B10+C10+D10-E10 -> 1143572.3
A11: Capítol 8 | B11: 0 | D11: 0 | F11: =B11+C11+D11-E11 -> 0
A12: Capítol 9 | B12: =GETPIVOTDATA("Suma de Drets reconeguts nets",'CAPITOLS AJUNTAMENT'!$A$3,"Capitol","9") -> 508001 | D12: 0 | F12: =B12+C12+D12-E12 -> 508001
B13: =SUM(B4:B12) -> 21098376 | C13: =SUM(C4:C12) -> 1197222.8 | D13: =SUM(D4:D12) -> 0 | E13: =SUM(E4:E12) -> 216000 | F13: =SUM(F4:F12) -> 22079599
A16: INGRESSOS CORRENTS CONSOLIDATS | B16: =F4+F5+F6+F7+F8 -> 20428025
